 Dungeon Crawl Stone Soup version 0.24.0-13-gcf9b319 (webtiles) character file.

Game seed: 11123658562929144892, levelgen mode: deterministic

8878 wrhowe the Cleaver (level 11, -7/83 HPs)
             Began as a Demonspawn Abyssal Knight on Jan 7, 2020.
             Was a High Priest of Lugonu.
             Mangled by a death yak (19 damage)
             ... on level 10 of the Dungeon on Jan 8, 2020.
             The game lasted 01:43:27 (9546 turns).

wrhowe the Cleaver (Demonspawn Abyssal Knight)      Turns: 9546, Time: 01:43:28

Health: -7/83      AC: 12    Str: 24    XL:     11   Next: 15%
Magic:  0/13       EV: 14    Int: 17    God:    Lugonu [*****.]
Gold:   380        SH:  0    Dex: 18    Spells: 10/10 levels left

rFire    + . .     SeeInvis .   F - +9 battleaxe of Evil {flame, -Tele rC+ Str+7 Dex+3}
rCold    + + .     Gourm    .   (shield currently unavailable)
rNeg     + . .     Faith    .   s - +5 scale mail of Ywkyn {Int+4 Slay+3}
rPois    .         Spirit   +   (helmet restricted)
rElec    .         Reflect  .   U - scarf {rC+ rF+}
rCorr    .         Harm     .   (no gloves)
MR       .....     NoTele   +   (no boots)
Stlth    ++........             (no amulet)
HPRegen  0.23/turn              l - +3 ring of dexterity
MPRegen  0.13/turn              o - ring of positive energy

@: no status effects
A: antennae 1, spiny 1, magic shield, sturdy frame 2
a: Depart the Abyss, Bend Space, Banish, Corrupt, Enter the Abyss, Renounce
Religion


You were on level 10 of the Dungeon.
You worshipped Lugonu.
Lugonu was extremely pleased with you.
You were not hungry.

You visited 2 branches of the dungeon, and saw 11 of its levels.
You visited the Abyss 1 time.
You also visited: Ossuary.

You collected 380 gold pieces.

Inventory:

Hand Weapons
 a - a +1 falchion
 t - the +7 dagger "Rauzoucre" {vamp, Dex+3}
   (You found it on level 4 of the Dungeon)

   It inflicts no extra harm, but heals its wielder when it wounds a living foe.
   It affects your dexterity (+3).
 F - the +9 battleaxe of Evil (weapon) {flame, -Tele rC+ Str+7 Dex+3}
   (You found it on level 6 of the Dungeon)

   It has been specially enchanted to burn those struck by it, causing extra
   injury to most foes and up to half again as much damage against particularly
   susceptible opponents.
   Big, fiery blades are also staple armaments of hydra-hunters.
   It affects your strength (+7).
   It affects your dexterity (+3).
   It protects you from cold.
   It prevents most forms of teleportation.
 Q - the +6 war axe of Xaikeeps {protect, +Blink Int+2 Stlth+}
   (You found it on level 7 of the Dungeon)

   It grants its wielder temporary protection when it strikes (+7 to AC).
   It affects your intelligence (+2).
   It lets you blink.
   It makes you more stealthy.
 T - a +2 great sword of freezing
Missiles
 q - 30 poisoned darts
 M - a javelin (quivered)
Armour
 h - a +3 chain mail of magic resistance
 r - a +1 ring mail of poison resistance
 s - the +5 scale mail of Ywkyn (worn) {Int+4 Slay+3}
   (You found it on level 4 of the Dungeon)

   It affects your intelligence (+4).
   It affects your accuracy and damage with ranged weapons and melee attacks
   (+3).
 P - the +1 leather armour "Punk" {*Corrode Str+8 Dex+5}
   (You found it on level 7 of the Dungeon)

   It affects your strength (+8).
   It affects your dexterity (+5).
   It may corrode you when you take damage.
 U - a scarf of resistance (worn)
Jewellery
 k - an uncursed ring of ice
 l - a +3 ring of dexterity (left hand)
 o - a ring of positive energy (right hand)
 w - an uncursed ring of protection from cold
 H - an uncursed ring of fire
 I - an uncursed ring of fire
Wands
 g - a wand of flame (26)
 A - a wand of acid (8)
 R - a wand of paralysis (8)
Scrolls
 d - 2 scrolls of magic mapping
 e - 3 scrolls of teleportation
 f - 11 scrolls of remove curse
 x - 2 scrolls of enchant armour
 E - 3 scrolls of blinking
 J - a scroll of random uselessness
 X - a scroll of fear {unknown}
 Z - a scroll of acquirement {unknown}
Potions
 i - 2 potions of brilliance
 j - a potion of haste
 m - 2 potions of flight
 n - 2 potions of magic
 v - a potion of mutation
 B - a potion of berserk rage
 C - a potion of agility {unknown}
 D - a potion of heal wounds
 G - a potion of resistance {unknown}
Comestibles
 b - 3 chunks of flesh
 c - 12 rations


   Skills:
 + Level 6.6 Fighting
 - Level 5.3(6.3) Short Blades
 + Level 5.1(6.2) Long Blades
 * Level 10.3 Axes
 + Level 2.3 Throwing
 + Level 5.7 Armour
 + Level 4.1 Dodging
 + Level 3.1 Stealth
 + Level 2.9 Invocations


You had 10 spell levels left.
You didn't know any spells.
Your spell library contained the following spells:

 Spells                   Type           Power        Failure   Level  Hunger
 Freeze                   Ice            #...         30%         1    ##.....
 Sandblast                Erth           #.....       30%         1    ##.....
 Passwall                 Tmut/Erth      #.......     43%         2    ###....
 Throw Frost              Conj/Ice       #.....       43%         2    ###....
 Ozocubu's Armour         Chrm/Ice       #.......     67%         3    ####...
 Stone Arrow              Conj/Erth      #.....       67%         3    ####...
 Petrify                  Tmut/Erth      #.......     97%         4    #####..
 Summon Ice Beast         Ice/Summ       #.......     97%         4    #####..
 Throw Icicle             Conj/Ice       #.......     97%         4    #####..
 Lee's Rapid Deconstruct  Erth           #.........   100%        5    ######.


Dungeon Overview and Level Annotations

Branches:
Dungeon (10/15)            Temple (1/1) D:6            Lair (0/6) D:10
Ossuary (visited)
    Orc: D:9-12

Altars:
Ashenzari
Cheibriados
Elyvilon
Gozag
Kikubaaqudgha
Makhleb
Trog
Uskayaw
Vehumet
Xom
Zin

Shops:
D:5 (*   D:9 =

Annotations:
D:10 1 runed translucent door, SladeWilson666's ghost, journeyman VSFi


Innate Abilities, Weirdness & Mutations

You have a pair of small antennae on your head.
You are partially covered in sharp spines.
When hurt, damage is shared between your health and your magic reserves.
Your movements are less encumbered by armour. (ER -4)


Message History

Aim: a death yak (moderately wounded)
You throw a javelin.
The javelin pierces through the death yak.
The death yak is moderately wounded.
The death yak gores you.
You slash the death yak! You burn the death yak.
The death yak is heavily wounded.
The death yak is struck by your spines. The death yak closely misses you.
You slash the death yak! You burn the death yak.
The death yak is severely wounded.
The death yak is struck by your spines. The death yak gores you!
You completely miss the death yak.
The death yak is severely wounded.
The death yak gores you.
You slash the death yak! You burn the death yak.
The death yak is almost dead.
The death yak gores you!!
* * * LOW HITPOINT WARNING * * *
The death yak gores you!!
You die...

..#####.#####..# #..#
...............########..##
...........†...............
....###.................÷.[
..%##⌠##..#.###########..##
..##...##.(.# #..#
.##..!..##Yr# #..#
.#⌠.!♣%.W#Y## #..#
.##.....##@# #.##
.##...##......... .##
.##.##....###### .
..#+#.....# ..........#
.........# .........#
.....#####


You could see 2 death yaks, SladeWilson666's ghost and a rat.

Vanquished Creatures
  3 two-headed ogres (D:8)
  A death yak (D:10)
  3 trolls (D:10)
  Grinder (D:4)
  3 hippogriffs
  Sigmund (D:3)
  A spriggan (D:8)
  6 yaks (D:9)
  2 ice beasts
  2 orc warriors
  3 black bears
  A phantom (D:6)
  2 ogres
  An eye of draining (D:9)
  5 centaurs
  5 bullfrogs
  2 big kobolds
  A wyvern zombie (D:7)
  A scorpion (D:6)
  3 wights (D:8)
  A centaur zombie (D:9)
  2 crimson imps
  2 bullfrog zombies (D:5)
  4 jellies
  A quasit (D:8)
  2 hounds (D:9)
  A gnoll shaman (D:3)
  8 orc priests
  4 bullfrog skeletons
  7 orc wizards
  2 iguanas
  4 worker ants
  Ijyb (D:3)
  2 hell rats (D:10)
  7 big kobold zombies (Ossuary)
  A mummy (Ossuary)
  A howler monkey zombie (D:5)
  Robin (D:3)
  4 worker ant zombies
  5 gnolls (D:3)
  8 adders
  A shadow imp (D:8)
  3 oozes
  An adder zombie (D:5)
  An adder skeleton (D:6)
  2 worms
  8 leopard geckos
  35 orcs
  3 spectral bats (Ossuary)
  3 ball pythons
  7 bats
  2 bat simulacra (Ossuary)
  9 giant cockroaches
  5 gnoll zombies (Ossuary)
  15 goblins
  14 hobgoblins
  12 jackals
  4 quokkas
  5 frilled lizards
  3 goblin simulacra (Ossuary)
  5 goblin zombies (Ossuary)
  4 hobgoblin zombies (Ossuary)
  A jackal skeleton (D:4)
  12 kobolds
  3 kobold simulacra (Ossuary)
  6 kobold zombies (Ossuary)
  A leopard gecko skeleton (D:9)
  3 orc zombies (Ossuary)
  18 rats
  3 rat simulacra (Ossuary)
  5 spectral goblins (Ossuary)
  3 spectral kobolds (Ossuary)
  4 spectral rats (Ossuary)
316 creatures vanquished.

Notes
Turn   | Place    | Note
-------+----------+-------------------------------------------
     0 | Abyss:1  | wrhowe the Demonspawn Abyssal Knight began the quest for
                  | the Orb.
     0 | Abyss:1  | Reached XP level 1. HP: 18/18 MP: 2/2
     0 | Abyss:1  | Found a corrupted altar of Lugonu.
    75 | Abyss:2  | Noticed a freezing wraith
    83 | Abyss:2  | Noticed a smoke demon
    85 | Abyss:3  | Found a corrupted altar of Lugonu.
   121 | Abyss:3  | Noticed a small abomination
   121 | D:1      | Escaped the Abyss
   212 | D:1      | Reached * piety under Lugonu
   216 | D:1      | Gained mutation: Your movements are slightly less
                  | encumbered by armour. (ER -2) [demonic ancestry]
   216 | D:1      | Reached XP level 2. HP: 22/24 MP: 4/4
   370 | D:1      | Reached skill level 1 in Dodging
   619 | D:1      | Reached XP level 3. HP: 19/29 MP: 5/5
   976 | D:2      | Reached ** piety under Lugonu
  1175 | D:2      | Reached XP level 4. HP: 27/35 MP: 6/6
  1541 | D:2      | Found a burning altar of Makhleb.
  1861 | D:3      | Noticed Robin
  1889 | D:3      | Killed Robin
  1889 | D:3      | Reached XP level 5. HP: 24/42 MP: 7/7
  2192 | D:3      | Noticed Ijyb
  2235 | D:3      | Killed Ijyb
  2644 | D:3      | Found a shimmering altar of Xom.
  2645 | D:3      | Found a shimmering altar of Xom.
  2646 | D:3      | Found a shimmering altar of Xom.
  2653 | D:3      | Found a shimmering altar of Xom.
  2655 | D:3      | Found a shimmering altar of Xom.
  2688 | D:3      | Reached *** piety under Lugonu
  2729 | D:3      | Noticed Sigmund
  2733 | D:3      | Found a snail-covered altar of Cheibriados.
  3331 | D:4      | Noticed Grinder
  3365 | D:4      | Paralysed by Grinder for 4 turns
  3386 | D:4      | Found a radiant altar of Vehumet.
  3395 | D:4      | Got an ancient scale mail
  3403 | D:4      | Killed Grinder
  3403 | D:4      | Reached skill level 1 in Throwing
  3403 | D:4      | Gained mutation: You have a pair of small antennae on your
                  | head. [demonic ancestry]
  3403 | D:4      | Reached XP level 6. HP: 10/48 MP: 8/8
  3414 | D:4      | Identified the +5 scale mail of Ywkyn {Int+4 Slay+3} (You
                  | found it on level 4 of the Dungeon)
  3720 | D:4      | Got a bloodstained dagger
  3721 | D:4      | Found a white marble altar of Elyvilon.
  3737 | D:4      | Identified the +7 dagger "Rauzoucre" {vamp, Dex+3} (You
                  | found it on level 4 of the Dungeon)
  3749 | D:4      | Gained mutation: You are partially covered in sharp spines.
                  | [demonic ancestry]
  3749 | D:4      | Reached XP level 7. HP: 55/55 MP: 9/9
  4056 | D:5      | Entered Level 5 of the Dungeon
  4093 | D:5      | Found Solaj's Assorted Antiques.
  4147 | D:5      | Found Tionel's Weapon Shoppe.
  4265 | D:5      | Noticed a +0 dagger
  4265 | D:5      | Noticed a +0 hand axe
  4269 | D:5      | Found a hide-covered altar of Uskayaw.
  4276 | D:5      | Reached skill level 1 in Short Blades
  4307 | D:5      | Reached skill level 5 in Long Blades
  4985 | D:6      | Gained mutation: When hurt, damage is shared between your
                  | health and your magic reserves. [demonic ancestry]
  4985 | D:6      | Reached XP level 8. HP: 61/61 MP: 10/10
  5038 | D:6      | Found a sand-covered staircase.
  5043 | Ossuary  | Entered an ossuary
  5074 | Ossuary  | Reached **** piety under Lugonu
  5482 | Ossuary  | Reached skill level 1 in Stealth
  5774 | D:6      | Reached ***** piety under Lugonu
  5821 | D:6      | Found a bloodstained altar of Trog.
  5849 | D:6      | Reached skill level 5 in Short Blades
  5855 | D:6      | Got a jewelled battleaxe
  5871 | D:6      | Found a staircase to the Ecumenical Temple.
  5895 | Temple   | Entered the Ecumenical Temple
  5921 | Temple   | Identified the +9 battleaxe of Evil {flame, -Tele rC+ Str+7
                  | Dex+3} (You found it on level 6 of the Dungeon)
  6037 | D:6      | Reached skill level 1 in Axes
  6161 | D:6      | Reached skill level 5 in Fighting
  6387 | D:3      | Reached skill level 2 in Axes
  6387 | D:3      | Gained mutation: Your movements are less encumbered by
                  | armour. (ER -4) [demonic ancestry]
  6387 | D:3      | Reached XP level 9. HP: 45/68 MP: 7/11
  6535 | D:3      | Killed Sigmund
  6535 | D:3      | Reached skill level 3 in Axes
  6909 | D:7      | Reached skill level 4 in Axes
  7008 | D:7      | Got an agate-encrusted leather armour
  7018 | D:7      | Got an encrusted war axe
  7079 | D:7      | Found an opulent altar of Gozag.
  7111 | D:7      | Reached skill level 5 in Armour
  7372 | D:7      | Identified the +1 leather armour "Punk" {*Corrode Str+8
                  | Dex+5} (You found it on level 7 of the Dungeon)
  7382 | D:7      | Identified the +6 war axe of Xaikeeps {protect, +Blink
                  | Int+2 Stlth+} (You found it on level 7 of the Dungeon)
  7443 | D:8      | Noticed a two-headed ogre
  7445 | D:8      | Reached skill level 5 in Axes
  7453 | D:8      | Killed a two-headed ogre
  7453 | D:8      | Reached skill level 6 in Axes
  7646 | D:8      | Noticed a two-headed ogre
  7660 | D:8      | Killed a two-headed ogre
  7660 | D:8      | Reached skill level 7 in Axes
  7660 | D:8      | Reached XP level 10. HP: 38/76 MP: 1/12
  7882 | D:8      | Noticed a two-headed ogre
  7892 | D:8      | Killed a two-headed ogre
  7994 | D:8      | Reached skill level 8 in Axes
  8065 | D:8      | Got a pair of steaming gloves
  8166 | D:8      | Found a shattered altar of Ashenzari.
  8284 | D:8      | Identified the cursed -6 pair of gloves "Hecicw" {rPois}
                  | (You found it on level 8 of the Dungeon)
  8740 | D:9      | Reached skill level 9 in Axes
  8981 | D:9      | Found Cuxokho's Jewellery Boutique.
  9339 | D:10     | Entered Level 10 of the Dungeon
  9380 | D:10     | Reached XP level 11. HP: 72/83 MP: 10/13
  9468 | D:10     | Noticed SladeWilson666's ghost (journeyman VSFi)
  9471 | D:10     | Found a runed translucent door.
  9493 | D:10     | Reached skill level 10 in Axes
  9501 | D:10     | Noticed a death yak
  9520 | D:10     | Found a staircase to the Lair.
  9527 | D:10     | Noticed a death yak
  9527 | D:10     | Noticed a death yak
  9530 | D:10     | Killed a death yak
  9546 | D:10     | Mangled by a death yak

Levels and vault maps discovered:
D:1:      erik_arrival_orb_chamber, layout_loops_corners, serial_park_tiny_2
D:2:      layout_basic, marbit_many_paths
D:3:      layout_basic, xom_redecorated, old_standard_altar, uniq_sigmund,
          uniq_robin, uniq_ijyb
D:4:      layout_rooms, vehumet_crystals, elyvilon_altar_5, uniq_grinder
D:5:      layout_loops_corners, dancing_weapons_uskayaw, serial_shops,
          nicolae_shop_waterfront, nicolae_shop_behind_doors, serial_rivers,
          chequers_serial_rivers_micro_d, chequers_serial_rivers_room_b,
          chequers_serial_rivers_micro_b, chequers_serial_rivers_room_a,
          first_ration
D:6:      layout_layer_cave, trog_ov_bears_minmay,
          minmay_temple_entry_junction_2, enter_ossuary_2
D:7:      layout_loops_ring, lemuel_crystal_altar, nicolae_ru_path_of_blood
D:8:      layout_basic, ashenzari_conservatory_becter, grunt_pizzeria
D:9:      layout_layer_cave, serial_shops, shop
D:10:     cheibrodos_histonic, layout_long_grid, dpeg_lair_monsters,
          zombieorc2_lemuel, serial_rivers, chequers_serial_rivers_micro_b,
          chequers_serial_rivers_large_a, chequers_serial_rivers_small_b,
          chequers_serial_rivers_small_a, hellmonk_ghost_happy_afterlife
Temple:   nicolae_temple_hex_pool

Skill      XL: |  1  2  3  4  5  6  7  8  9 10 11 |
---------------+----------------------------------+-----
Armour         | 2 3 4 5 |  5.7
Dodging        | 1 2 3 4 |  4.1
Long Blades    | 2 3 4 5 |  5.1
Fighting       | 4 5 6 |  6.6
Throwing       | 1 2 |  2.3
Short Blades   | 2 5 |  5.3
Stealth        | 1 2 3 |  3.1
Axes           | 2 7 9 10 | 10.3
Invocations    | |  2.9

Action                   |  1- 3 |  4- 6 |  7- 9 | 10-12 || total
-------------------------+-------+-------+-------+-------++-------
Melee: Falchion          |   122 |   218 |       |       ||   340
       Dagger            |       |     5 |   230 |       ||   235
       Battleaxe         |       |       |    82 |   127 ||   209
Throw: Javelin           |     2 |     6 |     5 |     1 ||    14
       Dart              |       |    12 |    15 |       ||    27
Invok: Depart the Abyss  |     1 |       |       |       ||     1
  Use: Scroll            |     7 |     2 |    10 |     2 ||    21
       Potion            |       |     3 |     4 |     1 ||     8
 Stab: Sleeping          |     1 |       |     2 |     1 ||     4
       Distracted        |       |       |       |     2 ||     2
  Eat: Chunk             |     1 |     1 |       |       ||     2
       Ration            |       |     3 |     3 |     2 ||     8
Armor: Leather armour    |    36 |     5 |       |       ||    41
       Scale mail        |       |    61 |    89 |    42 ||   192
       Chain mail        |       |    35 |       |       ||    35
Dodge: Dodged            |    70 |   113 |   151 |    77 ||   411
       Rpst.: Falchion   |    31 |    37 |       |       ||    68
